 Dungeon Crawl Stone Soup version 0.18.1-50-g88ac8fd (webtiles) character file.

60 person74 the Shooter (level 3, 0/24 HPs)
             Began as a High Elf Hunter on Dec 28, 2016.
             Slain by a goblin (4 damage)
             ... led by Robin
             ... on level 2 of the Dungeon.
             The game lasted 00:11:44 (1008 turns).

person74 the Shooter (High Elf Hunter)              Turns: 1008, Time: 00:11:44

Health: 0/24       AC:  4    Str: 11    XL:     3   Next: 82%
Magic:  4/4        EV: 12    Int: 15    God:
Gold:   77         SH:  0    Dex: 16    Spells: 0 memorised, 2 levels left

rFire  . . .     SeeInvis .     b - +0 short sword
rCold  . . .     Gourm    .     c - +1 leather armour
rNeg   . . .     Faith    .     (no shield)
rPois  .         Spirit   .     (no helmet)
rElec  .         Dismiss  .     (no cloak)
rCorr  .         Reflect  .     (no gloves)
SustAt .         Harm     .     (no boots)
MR     .....                    (no amulet)
Stlth  ++........               (no ring)
                                (no ring)

@: about to teleport, not resistant to hostile enchantments, unstealthy
A: no striking features
a: no special abilities


You were on level 2 of the Dungeon.
You were not hungry.

You visited 1 branch of the dungeon, and saw 2 of its levels.

You collected 77 gold pieces.

Inventory:

Hand Weapons
 a - a +2 shortbow
 b - a +0 short sword (weapon)
 j - a +0 short sword
Missiles
 e - 18 sling bullets
 h - 27 stones (quivered)
 l - 21 bolts
 p - 13 poisoned needles
Armour
 c - a +1 leather armour (worn)
 m - a +0 scale mail
Jewellery
 g - a +3 ring of dexterity {unknown}
 i - an uncursed ring of fire {unknown}
 o - an uncursed ring of resist corrosion {unknown}
Scrolls
 s - a scroll of fear {unknown}
Potions
 n - 2 potions of cancellation {unknown}
Comestibles
 f - a bread ration
 k - 3 fruits
 q - 4 chunks of flesh
 r - a slice of pizza


   Skills:
 + Level 2.2 Fighting
 + Level 6.7 Bows
 + Level 0.3 Armour
 + Level 2.6 Dodging
 + Level 1.2 Stealth


You had 2 spell levels left.
You didn't know any spells.

Dungeon Overview and Level Annotations

Branches:
Dungeon (2/15)

Altars:

Annotations:
D:2 Robin


Message History

The goblin moves out of view.
The goblin completely misses you. The goblin barely misses you.
A goblin and a hobgoblin come into view.
You barely miss the goblin.
The hobgoblin shouts!
The goblin hits you but does no damage.
The hobgoblin moves out of view.
The goblin hits you. Robin throws the goblin at you!
The goblin hits you but does no damage. The goblin hits you.
* * * LOW HITPOINT WARNING * * *
As you read the scroll of teleportation, it crumbles to dust.
You feel strangely unstable.
Robin roars a battlecry!
The goblin closely misses you. The goblin hits you with a club.
* * * LOW HITPOINT WARNING * * *
You hear a shout! x5
Robin says, "A pitiful Elf like you will never find the ORB!"
Robin throws the goblin at you! The goblin hits you but does no damage.
The goblin hits you.
You die...

##..... .....g. ....g.#
......# ...g..# (g....#
...... ..##########g.$....
...............gg..g.....(.
......... ###...@g.#.......
..........#...........#.#.#
#.#...# #.#........##.# #
..#...###.###...........
.................##.....#
......###.#......# .....#
.................##......
##...<............# ....
##................#


You could see Robin, a hobgoblin and 5 goblins.

Vanquished Creatures
  Natasha (D:2)
  2 worms (D:2)
  3 giant geckos (D:1)
  6 bats
  3 giant cockroaches
  A goblin (D:1)
  3 hobgoblins (D:1)
  A quokka (D:2)
  A ball python (D:1)
  2 giant newts
  3 kobolds
  3 rats
29 creatures vanquished.

Notes
Turn   | Place    | Note
--------------------------------------------------------------
     0 | D:1      | person74 the High Elf Hunter began the quest for the Orb.
     0 | D:1      | Reached XP level 1. HP: 14/14 MP: 2/2
   146 | D:1      | Reached XP level 2. HP: 19/19 MP: 3/3
   290 | D:1      | Reached skill level 6 in Bows
   935 | D:2      | Reached XP level 3. HP: 24/24 MP: 4/4
   991 | D:2      | Noticed Natasha
   997 | D:2      | Killed Natasha
  1000 | D:2      | Noticed Robin
  1008 | D:2      | Slain by a goblin

Skill      XL: |  1  2 |
---------------+-------+-----
Bows           | 6 |  6.7
Fighting       | |  2.2
Armour         | |  0.3
Dodging        | |  2.6
Stealth        | |  1.2

Action                   || total
-------------------------++-------
Melee: Short sword       ||     4
 Fire: Shortbow          ||    78
Throw: Stone             ||     1
  Use: Scroll            ||     5
Armor: Leather armour    ||    13
Dodge: Dodged            ||    17
